 Dungeon Crawl Stone Soup version 0.15.2 (console) character file.

14995 Kite the Fighter (level 11, -3/110 HPs)
             Began as a Minotaur Death Knight on Dec 8, 2014.
             Was a Follower of Yredelemnul.
             Slain by a storm dragon (15 damage)
             ... on Level 9 of the Dungeon on Dec 9, 2014.
             The game lasted 06:18:34 (15572 turns).

Kite the Fighter (Minotaur Death Knight)           Turns: 15572, Time: 06:18:34

HP  -3/110       AC 17     Str 18      XL: 11   Next: 96%
MP  17/17        EV  2     Int  9      God: Yredelemnul [*.....]
Gold 699         SH 13     Dex 12      Spells:  0 memorised, 10 levels left

rFire  . . .     SeeInvis .     d - +1 trident (venom)
rCold  . . .     Clarity  .     D - +3 chain mail {MR+}
rNeg   . . .     rCorr    .     C - +0 large shield
rPois  .         rRot     .     (helmet restricted)
rElec  .         Spirit   .     E - +0 cloak
SustAb .         Warding  .     B - +0 pair of gloves
rMut   .         Stasis   .     A - +0 pair of boots
Gourm  .                        U - amulet of rage
MR     +....                    (no ring)
                                O - ring of teleport control

@: somewhat resistant to hostile enchantments, extremely unstealthy
A: retaliatory headbutt, horns 2
a: Animate Remains, Renounce Religion, Evoke Berserk Rage, Evoke Teleport
Control


You were on level 9 of the Dungeon.
You worshipped Yredelemnul.
Yredelemnul was aware of your devotion.
You were not hungry.

You visited 1 branch of the dungeon, and saw 11 of its levels.

You collected 699 gold pieces.

Inventory:

Hand weapons
 a - a +3 dagger of draining
 b - a +0 hunting sling
 c - the +2 war axe of Darkness {speed, rPois MR+ SInv}
   (You found it on level 6 of the Dungeon)

   Attacks with this weapon are significantly faster.
   It protects you from poison.
   It affects your resistance to hostile enchantments.
   It enhances your eyesight.
 d - a +1 trident of venom (weapon)
Missiles
 n - 17 steel sling bullets
 o - 95 stones (quivered)
Armour
 f - a +0 chain mail
 m - a +0 chain mail
 A - a +0 pair of boots (worn)
 B - a +0 pair of gloves (worn)
 C - a +0 large shield (worn)
 D - a +3 chain mail of magic resistance (worn)
 E - a +0 cloak (worn)
Magical devices
 h - a wand of fireball (1)
 j - a wand of fireball (3)
 u - a wand of polymorph (0)
 x - a wand of flame (0)
 y - a wand of flame (4)
 G - a wand of disintegration (0)
 H - a wand of random effects (3) {unknown}
 S - a wand of disintegration (14)
Comestibles
 p - 5 royal jellies
 K - 4 meat rations
 L - 7 bread rations
Scrolls
 l - a scroll of magic mapping
 z - 2 scrolls of teleportation
 J - a scroll of holy word {unknown}
 R - 2 scrolls of enchant weapon
 Z - a scroll of remove curse
Jewellery
 O - a ring of teleport control (left hand)
 U - an amulet of rage (around neck)
Potions
 g - a potion of flight
 I - a potion of cure mutation
Magical staves
 i - an uncursed staff of air {unknown}
Miscellaneous
 k - a stone of tremors


   Skills:
 * Level 14.2 Fighting
 + Level 3.1 Short Blades
 - Level 11.2(11.5) Axes
   Level 0.5(7.2) Maces & Flails
 + Level 4.2(8.5) Polearms
 - Level 3.1(4.1) Slings
 - Level 3.7(4.2) Throwing
 + Level 6.4 Armour
 + Level 4.7 Dodging
 - Level 3.0 Shields
 - Level 6.6 Invocations
 - Level 1.3 Evocations


You had 10 spell levels left.
You didn't know any spells.

Dungeon Overview and Level Annotations

Branches:
Dungeon (11/15)            Temple (0/1) D:7             Orc (0/4) D:9
   Lair (0/8) D:9

Altars:
Fedhas
Nemelex Xobeh
Sif Muna

Shops:
D:7 (   D:10 (


Innate Abilities, Weirdness & Mutations

You reflexively headbutt those who attack you in melee.
You have a pair of horns on your head.


Message History

The storm dragon claws you but does no damage.
You block the storm dragon's attack. You block the storm dragon's attack.
The storm dragon claws you but does no damage.
The storm dragon tramples you but does no damage.
There is a stone staircase leading up here.
The storm dragon bites you!
* * * LOW HITPOINT WARNING * * *
The storm dragon claws you!
* * * LOW HITPOINT WARNING * * *
The storm dragon tramples you.
* * * LOW HITPOINT WARNING * * *
You hold your ground!
You climb upwards.
There is a stone staircase leading down, spattered with blood here.
Drink which item? (? for menu, Esc to quit)
You feel refreshed.
It was a potion of restore abilities.
The storm dragon bites you!
You die...
Your body rises from the dead as a mindless zombie.

▒▒▒▒ ▒·Z···▒ ▒·▒ ▒ ▒▒▒ ▒▒▒▒▒'▒▒▒▒
▒·▒ ▒ ··▒ ▒··Z··▒ ▒·▒▒ ▒'▒▒▒
▒·▒▒▒▒▒ ▒··▒ ····▒ ▒▒·▒▒▒▒▒▒▒
▒▒·▒ ▒ ····▒ ▒········▒ ▒▒▒▒Z▒▒▒▒
▒ ····▒▒▒··[·····▒ ▒·ZZZZZ·▒▒▒▒▒
·····▒▒<·······▒▒▒▒▒▒··Z····▒····
▒▒···)·▒▒▒▒····▒@ZZ·◼·······▒·▒▒▒
·········▒▒····ZD▒▒▒▒·······'·▒ ▒
··P·······▒)···▒▒▒ ▒···>···▒▒▒ ▒
··········)▒▒▒▒▒ ▒·······▒ ▒
···(>·······▒▒ ▒▒▒▒▒▒▒▒▒
·P···········▒▒ ▒
··········▒▒··▒▒▒▒ ▒
·········▒▒▒▒···Z▒ ▒▒▒▒
▒▒·····▒▒▒▒▒▒▒▒▒'▒▒ ▒▒··'


You could see a storm dragon, a friendly killer bee zombie, a friendly queen bee
zombie and a friendly hill giant zombie.

Vanquished Creatures
  Urug (D:10)
  3 iron golems (D:10)
  4 hill giants
  A manticore (D:10)
  Joseph (D:7)
  The ghost of HiobMontag the Digger, an experienced GrEE (D:6)
  An orange demon (D:11)
  A kobold demonologist (D:10)
  A yaktaur (D:11)
  A centaur skeleton (D:11)
  A two-headed ogre (D:9)
  The ghost of SaintRoka the Covert, an experienced NaEn (D:4)
  Sonja (D:10)
  A troll (D:9)
  3 hippogriffs
  A hungry ghost (D:8)
  A hill giant skeleton (D:11)
  Menkaure (D:4)
  4 ice beasts
  5 ogres
  5 orc warriors
  3 centaurs
  Sigmund (D:3)
  9 big kobolds (D:8)
  8 giant frogs
  Blork the orc (D:7)
  A cyclops skeleton (D:10)
  3 scorpions
  A yak skeleton (D:8)
  12 killer bees
  3 wights (D:10)
  2 goliath beetles
  4 crimson imps
  A centaur zombie (D:11)
  3 jellies
  2 quasits
  6 hounds
  A giant frog skeleton (D:8)
  4 orc wizards
  A worker ant zombie (D:8)
  3 orc priests
  4 worker ants
  A sky beast zombie (D:10)
  Ijyb (D:3)
  A mummy (D:8)
  14 adders
  A giant mite (D:3)
  3 ufetubi (D:11)
  2 worms
  An iguana skeleton (D:5)
  11 giant geckos
  20 orcs
  A bat skeleton (D:7)
  10 giant cockroaches
  A gnoll zombie (D:7)
  11 goblins
  15 hobgoblins
  10 jackals
  4 quokkas
  4 bats
  5 giant newts
  2 giant spores
  A goblin skeleton (D:4)
  A hobgoblin zombie (D:7)
  A jackal skeleton (D:6)
  26 kobolds
  An orc skeleton (D:5)
  13 rats
  A ballistomycete (D:5)
274 creatures vanquished.

Vanquished Creatures (collateral kills)
  Harold (D:10)
  A hydra (D:10)
  An iron golem (D:10)
  An ugly thing (D:11)
  A centaur skeleton (D:10)
  A troll (D:10)
  A two-headed ogre (D:10)
  A queen bee (D:9)
  2 wargs (D:9)
  2 black bears
  An orc warrior (D:6)
  An ogre (D:9)
  A big kobold (D:9)
  2 giant frogs
  2 scorpions
  5 wights
  10 killer bees
  A jelly (D:11)
  A quasit (D:10)
  3 orc priests
  An orc wizard (D:8)
  An iguana (D:9)
  A worker ant (D:5)
  A mottled dragon zombie (D:11)
  An adder (D:2)
  2 orc skeletons
  A white imp (D:11)
  A worm (D:4)
  19 orcs
  2 bats
  2 goblins (D:2)
  5 hobgoblins
  A quokka (D:3)
  A giant cockroach (D:1)
  3 giant newts
  A hobgoblin skeleton (D:3)
  9 kobolds
  An orc zombie (D:8)
  4 rats
  3 ballistomycetes
  2 fungi (D:1)
101 creatures vanquished.

Vanquished Creatures (others)
  A hill giant zombie (D:11)
  A manticore zombie (D:10)
  A centaur (D:10)
  2 warg zombies (D:9)
  A troll zombie (D:9)
  A killer bee (D:10)
  2 centaur zombies
  3 giant frog zombies
  A black bear zombie (D:10)
  A two-headed ogre zombie (D:9)
  A centaur skeleton (D:10)
  7 killer bee zombies
  An ogre zombie (D:9)
  5 big kobold zombies
  3 hound zombies
  2 orc skeletons
  8 adder zombies
  A giant gecko zombie (D:2)
  A giant newt zombie (D:4)
  A giant spore (D:10)
  3 goblin zombies
  6 hobgoblin zombies
  3 jackal zombies
  10 kobold zombies
  8 orc zombies
  A rat zombie (D:3)
75 creatures vanquished.

Grand Total: 450 creatures vanquished

Notes
Turn   | Place    | Note
--------------------------------------------------------------
     0 | D:1      | Kite, the Minotaur Death Knight, began the quest for the Orb.
     0 | D:1      | Reached XP level 1. HP: 18/18 MP: 1/1
   112 | D:1      | Reached skill level 3 in Invocations
   112 | D:1      | Reached XP level 2. HP: 22/25 MP: 1/2
   656 | D:1      | Acquired Yredelemnul's second power
   656 | D:1      | Reached XP level 3. HP: 25/30 MP: 4/4
  1136 | D:2      | Reached skill level 1 in Throwing
  1153 | D:2      | Found a deep blue altar of Sif Muna.
  1436 | D:2      | Reached XP level 4. HP: 37/37 MP: 5/5
  1795 | D:3      | Noticed Ijyb
  1819 | D:3      | Killed Ijyb
  2054 | D:3      | Reached skill level 4 in Invocations
  2064 | D:3      | Noticed Sigmund
  2182 | D:3      | Your ally Ijyb died
  2207 | D:3      | Killed Sigmund
  2207 | D:3      | Reached skill level 1 in Shields
  2207 | D:3      | Reached XP level 5. HP: 29/45 MP: 6/6
  2945 | D:4      | Found a blossoming altar of Fedhas.
  3140 | D:4      | Reached XP level 6. HP: 51/51 MP: 8/8
  3159 | D:4      | Noticed Menkaure
  3174 | D:4      | Killed Menkaure
  3618 | D:4      | Noticed SaintRoka's ghost (experienced NaEn)
  3648 | D:4      | Killed SaintRoka's ghost
  3648 | D:4      | Reached skill level 5 in Invocations
  3648 | D:4      | Reached XP level 7. HP: 60/60 MP: 9/9
  4199 | D:5      | Entered Level 5 of the Dungeon
  4290 | D:5      | Reached skill level 5 in Fighting
  4646 | D:5      | Found a sparkling altar of Nemelex Xobeh.
  5649 | D:6      | Reached skill level 1 in Slings
  5839 | D:6      | Reached skill level 1 in Short Blades
  5846 | D:6      | Reached skill level 6 in Invocations
  5846 | D:6      | Reached XP level 8. HP: 12/70 MP: 10/12
  6180 | D:6      | Noticed HiobMontag's ghost (experienced GrEE)
  6209 | D:6      | Killed HiobMontag's ghost
  6209 | D:6      | Reached skill level 1 in Evocations
  6449 | D:6      | Got a crystal war axe
  6570 | D:6      | Got a slimy chain mail
  7200 | D:6      | Identified the +2 chain mail of Zooc {Dex-2 Int+2} (You found it on level 6 of the Dungeon)
  7219 | D:6      | Identified the +2 war axe of Darkness {speed, rPois MR+ SInv} (You found it on level 6 of the Dungeon)
  7296 | D:7      | Found a staircase to the Ecumenical Temple.
  7401 | D:7      | Reached skill level 1 in Axes
  7407 | D:7      | Found Idalom's Antique Weapon Emporium.
  7416 | D:7      | Noticed Blork the orc
  7425 | D:7      | Killed Blork the orc
  7652 | D:7      | Noticed Joseph
  7666 | D:7      | Killed Joseph
  7666 | D:7      | Reached skill level 7 in Fighting
  7666 | D:7      | Reached XP level 9. HP: 53/79 MP: 15/15
  8000 | D:8      | Reached skill level 5 in Axes
  8072 | D:8      | Reached skill level 8 in Fighting
  8861 | D:8      | Reached skill level 9 in Fighting
  9310 | D:9      | Reached XP level 10. HP: 91/91 MP: 16/16
  9488 | D:9      | Found a staircase to the Orcish Mines.
  9756 | D:9      | Found a staircase to the Lair.
  9763 | D:9      | Reached skill level 10 in Axes
  9822 | D:9      | Got a creamy pearl robe
 10407 | D:9      | Identified the cursed +1 robe of the Orb Guardian {rC+ Slay+5} (You found it on level 9 of the Dungeon)
 10440 | D:10     | Entered Level 10 of the Dungeon
 10552 | D:10     | Noticed Harold
 10568 | D:10     | Gained mutation: You have sharp toenails. [potion of mutation]
 10568 | D:10     | Gained mutation: Your flesh is heat resistant. [potion of mutation]
 10568 | D:10     | Gained mutation: You occasionally shout uncontrollably at your foes. [potion of mutation]
 10600 | D:10     | Reached skill level 10 in Fighting
 11037 | D:10     | Reached skill level 11 in Axes
 11148 | D:10     | Killed Harold
 11525 | D:10     | Noticed a hill giant
 11547 | D:9      | Killed a hill giant
 11586 | D:9      | Lost mutation: You occasionally shout uncontrollably at your foes. [potion of cure mutation]
 11586 | D:9      | Lost mutation: Your flesh is heat resistant. [potion of cure mutation]
 11586 | D:9      | Lost mutation: You have sharp toenails. [potion of cure mutation]
 11803 | D:10     | Noticed a hill giant
 11834 | D:9      | Killed a hill giant
 11834 | D:9      | Reached XP level 11. HP: 95/102 MP: 17/17
 12186 | D:10     | Noticed a hill giant
 12197 | D:10     | Killed a hill giant
 12229 | D:10     | Noticed Sonja
 12288 | D:10     | Killed Sonja
 12288 | D:10     | Reached skill level 12 in Fighting
 12314 | D:10     | Noticed Urug
 12356 | D:10     | Killed Urug
 12629 | D:10     | Found Koisaphu's Weapon Boutique.
 13237 | D:11     | Reached skill level 13 in Fighting
 13253 | D:11     | Noticed a hill giant
 13267 | D:11     | Killed a hill giant
 13637 | D:11     | Reached skill level 5 in Armour
 14254 | D:11     | Noticed a four-headed hydra
 14257 | D:11     | Noticed an iron golem
 14259 | D:11     | Noticed an iron golem
 14270 | D:10     | Killed a four-headed hydra
 14295 | D:10     | Killed an iron golem
 14607 | D:10     | Killed an iron golem
 14648 | D:11     | Reached skill level 14 in Fighting
 14684 | D:11     | Noticed an iron golem
 14684 | D:11     | Noticed an iron golem
 14734 | D:10     | Killed an iron golem
 14979 | D:10     | HP: 5/110 [iron golem (19)]
 14996 | D:10     | Your ally Urug died
 15416 | D:10     | Killed an iron golem
 15561 | D:10     | Noticed a storm dragon
 15567 | D:10     | Noticed a hill giant
 15572 | D:9      | Slain by a storm dragon

Action                   |  1- 3 |  4- 6 |  7- 9 | 10-12 || total
-------------------------+-------+-------+-------+-------++-------
Melee: Spear             |   139 |    18 |       |       ||   157
       Dagger            |       |    86 |   112 |     3 ||   201
       Mace              |       |    40 |       |       ||    40
       Trident           |       |    10 |    29 |    31 ||    70
       War axe           |       |       |   250 |   406 ||   656
       Whip              |       |       |       |    19 ||    19
 Fire: Hunting sling     |       |     1 |    36 |    32 ||    69
Throw: Stone             |    39 |    41 |    29 |    53 ||   162
       Throwing net      |       |       |     6 |     8 ||    14
Invok: Animate Remains   |    12 |    13 |    41 |    35 ||   101
       Injury Mirror     |       |     3 |    19 |    14 ||    36
       Recall Undead Sla |       |       |     1 |       ||     1
 Abil: Evoke Berserk Rag |       |       |       |     2 ||     2
Evoke: Wand              |       |     1 |    24 |     5 ||    30
       Stone of tremors  |       |       |       |     1 ||     1
  Use: Scroll            |       |     8 |    13 |     5 ||    26
       Potion            |       |     1 |       |    20 ||    21
 Stab: Distracted        |       |     1 |     1 |     4 ||     6
       Invisible         |       |       |       |    10 ||    10
  Eat: Chunk             |     3 |     5 |    10 |     8 ||    26
       Fruit             |       |     1 |     2 |     2 ||     5
       Bread ration      |       |     1 |     1 |     2 ||     4
       Pizza             |       |       |     1 |     1 ||     2
       Royal jelly       |       |       |     1 |       ||     1
       Beef jerky        |       |       |     1 |     3 ||     4
